AoeStats
← ThePainKiller

Nomad

507722167Analyzed
3v3 RM · 28d ago on Sep 19, 2026· 44m 33s· 6 players
Game mode
Random Map
Map size
210×210
Population
200
Speed
Normal
Resources
Standard
Victory
Conquest
Starting age
Dark Age
Ending age
Imperial Age
RankedLock teamsTeams togetherTeam positionsShared explorationLock speedFull tech treeHidden civsTurbo modeCheats
Victory
Defeat
🇭🇰 Berbers · Hong Kong SAR China
1333
+13
🇹🇼 Mongols · Taiwan
1251
+17
🇹🇼 Koreans · Taiwan
1228
+18
vs
🇧🇷 Magyars · Brazil
1279
-16
🇯🇵 Spanish · Japan
1263
-16
🇺🇸 Koreans · United States
1260
-16
Moon Warrior
5:15 Loom
14:22 Feudal Age
19:21 Castle Age
17:38 Double-Bit Axe
18:02 Stone Mining
19:12 Horse Collar
20:41 Bow Saw
23:28 Corvinian Army
27:28 Scale Barding Armor
28:21 Bloodlines
31:35 Chain Barding Armor
31:18 Husbandry
34:38 Gold Mining
36:58 Wheelbarrow
36:09 Town Watch
41:49 Imperial Age
zhao_web
11:52 Loom
14:03 Feudal Age
19:23 Castle Age
18:03 Double-Bit Axe
18:36 Horse Collar
ThePainKiller
4:24 Loom
15:08 Feudal Age
20:48 Castle Age
18:42 Stone Mining
18:44 Double-Bit Axe
18:41 Horse Collar
23:06 Fletching
29:04 Wheelbarrow
31:58 Heavy Plow
31:48 Town Watch
37:29 Imperial Age
36:08 Hand Cart
36:02 Town Patrol
38:36 Stone Shaft Mining
37:55 Gold Mining
37:30 Elite Skirmisher
38:33 Thumb Ring
42:13 Chemistry
41:38 Bodkin Arrow
43:21 Siege Engineers
44:49 Ballistics
fox0503
11:10 Loom
13:57 Feudal Age
14:53 Town Watch
16:54 Double-Bit Axe
20:24 Castle Age
20:02 Fletching
21:25 Bodkin Arrow
21:19 Fishing Lines
23:23 Bow Saw
23:14 Horse Collar
26:05 Gillnets
27:10 Ballistics
27:43 Padded Archer Armor
31:20 Murder Holes
31:58 Husbandry
32:08 Bloodlines
35:59 Wheelbarrow
36:24 Gold Mining
40:01 Hand Cart
42:20 Imperial Age
42:18 Gold Shaft Mining
41:33 Stone Mining
44:05 Chemistry
43:07 Bracer
43:24 Leather Archer Armor
43:32 Conscription
43:25 Elite Mangudai
44:11 Capped Ram
younguns
5:20 Loom
13:57 Feudal Age
18:40 Castle Age
17:56 Fletching
19:17 Double-Bit Axe
19:13 Horse Collar
20:28 Bodkin Arrow
21:26 Crossbowman
26:21 Bow Saw
29:55 Wheelbarrow
31:03 Heavy Plow
31:28 Forging
34:36 Iron Casting
37:23 Medium Warships
37:56 Fortified Wall
38:07 Ballistics
40:45 Imperial Age
38:31 Hand Cart
38:30 Squires
37:51 Pikeman
38:51 Scale Mail Armor
40:24 Chain Mail Armor
39:57 Town Watch
40:44 Medium Warships
42:09 Plate Mail Armor
41:40 Bracer
42:43 Chemistry
41:39 Murder Holes
43:46 Town Patrol
43:27 Halberdier
44:26 Arson
44:27 Gambesons
44:02 Man-at-Arms
45:45 Two-Man Saw
{duress} Lendon
9:48 Loom
12:33 Feudal Age
17:12 Castle Age
19:59 Fletching
21:30 Gold Mining
21:30 Double-Bit Axe
22:04 Padded Archer Armor
25:43 Wheelbarrow
28:49 Ballistics
28:37 Town Watch
30:08 Bodkin Arrow
31:06 Scale Barding Armor
32:20 Hand Cart
35:53 Town Patrol
36:40 Husbandry
36:50 Bloodlines
37:56 Leather Archer Armor
38:06 Chain Barding Armor
40:23 Imperial Age
41:58 Conscription
41:58 Cavalier
43:03 Forging
43:36 Plate Barding Armor
44:38 Iron Casting
Connection lost

Rejoining the realm…

Still unreachable

The connection could not be restored.

Session expired

The server has moved on; the page needs a fresh start.